 Dungeon Crawl Stone Soup version 0.25-a0-523-g9afb2ee (webtiles) character file.

Game seed: 9436610057325535857, levelgen mode: deterministic

32 poemsabby the Stinger (level 3, -6/20 HPs)
             Began as a Gargoyle Venom Mage on Feb 18, 2020.
             Mangled by a gnoll
             ... wielding a +0 spear
              (8 damage)
             ... on level 2 of the Dungeon.
             The game lasted 00:12:30 (1538 turns).

poemsabby the Stinger (Gargoyle Venom Mage)         Turns: 1538, Time: 00:12:30

Health: -6/20      AC:  5    Str: 12    XL:     3   Next: 25%
Magic:  6/6        EV: 12    Int: 15    God:
Gold:   19         SH:  0    Dex: 10    Spells: 5/6 levels left

rFire    . . .     SeeInvis .   d - +3 short sword (venom)
rCold    . . .     Gourm    .   (no shield)
rNeg     + . .     Faith    .   a - +0 robe
rPois    ∞         Spirit   .   (no helmet)
rElec    +         Reflect  .   (no cloak)
rCorr    .         Harm     .   (no gloves)
MR       .....                  (no boots)
Stlth    ++........             (no amulet)
HPRegen  0.06/turn              (no ring)
MPRegen  0.10/turn              (no ring)

@: no status effects
A: negative energy resistance 1, electricity resistance, unbreathing,
petrification resistance, rot immunity, AC +3
a: no special abilities


You were on level 2 of the Dungeon.
You were not hungry.

You visited 1 branch of the dungeon, and saw 2 of its levels.

You collected 19 gold pieces.

Inventory:

Hand Weapons
 d - a +3 short sword of venom (weapon)
 g - a +0 mace
 h - a +0 club
 i - a +0 club
 k - a +0 whip
 m - a +0 short sword
 r - a +0 club
 t - a +0 spear
 w - a +0 hand axe
Missiles
 e - 13 poisoned darts (quivered)
 f - 43 stones
 n - 4 large rocks
Armour
 a - a +0 robe (worn)
 j - a +0 robe
 l - a +0 ring mail
 y - a +0 robe
Jewellery
 q - a cursed ring of ice {unknown}
Scrolls
 p - a scroll of teleportation {unknown}
 s - a scroll of identify {unknown}
 v - a scroll of remove curse {unknown}
 x - a scroll of immolation {unknown}
 z - a scroll of enchant weapon {unknown}
Potions
 b - a potion of flight {unknown}
 u - 2 potions of curing {unknown}
 A - a potion of might {unknown}
Comestibles
 c - 5 rations
 o - a chunk of flesh


   Skills:
 + Level 0.7 Fighting
 + Level 0.4 Short Blades
 + Level 1.6 Dodging
 + Level 2.2 Stealth
 + Level 0.4 Unarmed Combat
 + Level 2.4 Spellcasting
 + Level 0.7 Transmutations
 + Level 3.5 Poison Magic


You had 5 spell levels left.
You knew the following spells:

 Your Spells              Type           Power        Failure   Level  Hunger
a - Sting                 Tmut/Pois      #...         9%          1    #......

Your spell library contained the following spells:

 Spells                   Type           Power        Failure   Level  Hunger
 Poisonous Vapours        Pois/Air       #.....       16%         2    ###....
 Ignite Poison            Fire/Tmut/Pois #.......     34%         3    ###....
 Mephitic Cloud           Conj/Pois/Air  #.......     36%         3    ###....
 Olgreb's Toxic Radiance  Pois           ##......     45%         4    #####..


Dungeon Overview and Level Annotations

Branches:
Dungeon (2/15)

Altars:


Innate Abilities, Weirdness & Mutations

You are resistant to torment.
Your stone body is resilient. (AC +3)
You are immune to poison.
You resist negative energy. (rN+)
You are resistant to electric shocks. (rElec)
You can survive without breathing.
You are immune to petrification.
You are immune to rotting.


Message History

A gnoll comes into view. It is wielding a +0 spear.
The gnoll shouts!
The gnoll misses you. The gnoll hits you with a +0 spear.
The gnoll hits you from afar with a +0 spear.
The gnoll misses you. The gnoll hits you with a +0 spear.
The gnoll hits you with a +0 spear. The gnoll barely misses you.
The gnoll hits you from afar with a +0 spear!
You barely miss the gnoll. The gnoll completely misses you.
The gnoll misses you. The gnoll hits you but does no damage.
The gnoll hits you from afar with a +0 spear.
* * * LOW HITPOINT WARNING * * *
The gnoll hits you but does no damage.
You hit the gnoll.
The gnoll is poisoned.
The gnoll is moderately wounded.
The gnoll barely misses you. x3; The gnoll hits you but does no damage.
You hit the gnoll but do no damage.
The gnoll looks as sick as possible!
The gnoll is moderately wounded.
The gnoll hits you from afar with a +0 spear!
You die...

.######.# ## # .....##
........# #.. .# #.....'.
.#####..# #....# #.....##
#..# #....## ########
..#####..###......#########
<..........................
....###.#.####....#########
.. #.#.........
#.#.@..:.... ..#.gg......
## ###.g.g..... #.
#......... #. .......... #.
###........ #. #........ #.
######### ##


You could see 4 gnolls.

Vanquished Creatures
  An adder (D:2)
  A dart slug (D:2)
  3 bats
  2 goblins (D:1)
  3 hobgoblins (D:1)
  4 jackals (D:1)
  A frilled lizard (D:2)
  2 kobolds (D:1)
  2 rats (D:1)
19 creatures vanquished.

Notes
Turn   | Place    | Note
-------+----------+-------------------------------------------
     0 | D:1      | poemsabby the Gargoyle Venom Mage began the quest for the
                  | Orb.
     0 | D:1      | Reached XP level 1. HP: 10/10 MP: 3/3
   752 | D:1      | Reached XP level 2. HP: 10/15 MP: 5/5
  1278 | D:2      | Reached XP level 3. HP: 16/20 MP: 6/6
  1538 | D:2      | Mangled by a gnoll

Levels and vault maps discovered:
D:1:      minmay_arrival_five_plusses, layout_loops_cross
D:2:      layout_basic

Action                   || total
-------------------------++-------
Melee: Short sword       ||    51
       Unarmed           ||    10
  Use: Potion            ||     1
 Stab: Sleeping          ||     1
  Eat: Ration            ||     1
Armor: Robe              ||    26
Dodge: Dodged            ||    51

Table legend:
 A = Non-vault XP
 B = Vault XP
 C = Vault XP percentage of total XP
 D = Non-vault monster count
 E = Vault monster count
 F = Vault count percentage of total count
                 A         B        C        D         E       F
            +---------+---------+-------+---------+---------+-------
      Total |      46 |       0 |   0.0 |      19 |       0 |   0.0
            +---------+---------+-------+---------+---------+-------
        D:1 |      26 |       0 |   0.0 |      15 |       0 |   0.0
        D:2 |      20 |       0 |   0.0 |       4 |       0 |   0.0
            +---------+---------+-------+---------+---------+-------
